 Dungeon Crawl Stone Soup version 0.26.1-11-gd32895ea62 (webtiles) character file.

Game seed: 13298287967893249936

1251 hawla the Conjurer (level 8, -10/61 HPs)
             Began as a Red Draconian Conjurer on May 3, 2021.
             Was a Follower of Vehumet.
             Mangled by an orc warrior
             ... wielding a +0 battleaxe
              (16 damage)
             ... while paralysed by Grinder
             ... on level 6 of the Dungeon.
             The game lasted 00:14:45 (6773 turns).

hawla the Conjurer (Red Draconian Conjurer)         Turns: 6773, Time: 00:14:46

Health: -10/61     AC:  7    Str:  9    XL:     8   Next: 26%
Magic:  12/24      EV:  2    Int: 27    God:    Vehumet [*.....]
Gold:   358        SH:  0    Dex: 10    Spells: 10/17 levels left

rFire    + . .     SeeInvis .   f - +2 whip (drain)
rCold    . . .     Faith    .   (no shield)
rNeg     . . .     Spirit   .   (armour unavailable)
rPois    .         Reflect  .   (helmet restricted)
rElec    .         Harm     .   (no cloak)
rCorr    .         Rampage  .   g - +0 pair of gloves
Will     .....                  (no boots)
Stlth    ++........             (no amulet)
HPRegen  0.20/turn              c - +6 ring of intelligence
MPRegen  0.19/turn              n - ring of magical power

@: paralysed
A: breathe fire, unfitting armour, fire resistance 1, cold-blooded, AC +6
a: Breathe Fire, Renounce Religion


You were on level 6 of the Dungeon.
You worshipped Vehumet.
Vehumet was aware of your devotion.
You visited 1 branch of the dungeon, and saw 6 of its levels.

You collected 358 gold pieces.

Inventory:

Hand Weapons
 f - a +2 whip of draining (weapon)
Missiles
 j - 5 boomerangs (quivered)
 s - 17 poisoned darts
Armour
 g - a +0 pair of gloves (worn)
Magical Staves
 w - an uncursed staff of death
Jewellery
 c - a +6 ring of intelligence (left hand)
 l - an uncursed ring of poison resistance
 n - a ring of magical power (right hand)
 z - an uncursed ring of resist corrosion
Wands
 i - a wand of digging (8)
 p - a wand of acid (6)
Scrolls
 b - a scroll of holy word {unknown}
 h - a scroll of magic mapping {unknown}
 o - 2 scrolls of blinking {unknown}
 q - 2 scrolls of remove curse
 x - a scroll of enchant weapon {unknown}
 y - 3 scrolls of teleportation {unknown}
 A - a scroll of enchant armour {unknown}
Potions
 a - a potion of haste
 d - 2 potions of curing
 e - a potion of cancellation
 k - a potion of heal wounds
 m - 2 potions of lignification
 r - a potion of brilliance
 t - 2 potions of mutation {unknown}
 u - a potion of flight
 v - a potion of might


   Skills:
 - Level 2.0 Fighting
 + Level 2.0 Staves
 - Level 1.0 Throwing
 - Level 2.0 Dodging
 - Level 2.0 Stealth
 + Level 1.9 Shields
 + Level 5.2 Spellcasting
 - Level 7.0 Conjurations
 - Level 3.0 Translocations
 + Level 1.8 Fire Magic
 + Level 1.9 Evocations


You had 10 spell levels left.
You knew the following spells:

 Your Spells              Type           Power        Failure   Level
a - Magic Dart            Conj           100%         1%          1
b - Searing Ray           Conj           88%          1%          2
c - Iskenderun's Mystic   Conj/Tloc      34%          9%          4

Your spell library contained the following spells:

 Spells                   Type           Power        Failure   Level
 Freeze                   Ice            28%          7%          1
 Dazzling Flash           Conj/Hex       50%          4%          3
 Fulminant Prism          Conj/Hex       12%          17%         4


Dungeon Overview and Level Annotations

Branches:
Dungeon (6/15)
 Temple: D:4-7

Altars:
Fedhas
Hepliaklqana
Kikubaaqudgha
Sif Muna
Vehumet
Zin

Shops:
D:6 (

Annotations:
D:6 Grinder


Innate Abilities, Weirdness & Mutations

You can breathe blasts of fire.
Your fiery red scales are hard. (AC +6)
You cannot fit into any form of body armour.
Your flesh is heat resistant. (rF+)
You are cold-blooded and may be slowed by cold attacks.


Message History

Casting: Iskenderun's Mystic Blast (dangerous; 9% risk of failure)
Confirm with . or Enter, or press ? or * to list all spells.
Aiming: Searing Ray (safe; 1% risk of failure)
Press: ? - help, Shift-Dir - straight line, f - orc priest
Aim: an orc priest, wielding a +0 flail and wearing a +0 chain mail (severely wounded, 13% to evade)
The searing ray hits the orc priest.
The orc priest is severely wounded. (Press . to maintain the ray.)
The orc priest invokes the aid of Beogh against you.
Pain shoots through your body! Grinder gestures at you.
You suddenly lose the ability to move!
The orc priest looks braver for a moment.
Grinder blinks!
The orc priest hits you with a +0 flail.
The orc warrior hits you with a +0 battleaxe!!
* * * LOW HITPOINT WARNING * * *
The orc priest barely misses you.
Grinder blinks!
The orc warrior hits you with a +0 battleaxe!
You die...

...#....# ...+....#
...#....# ...#..###
#############.
...##'#####5....)....$.!
...'...#..#.............
...#...#..#.....§B.....$
...#..##..#.....oo).....
...#..##..#.....@#
...#......#.....?#
...#......#......#
...#......#......#
...#..###.#......######
...#..###.####+#......#
...#....#......#......#
...#....#......#......#
...#....#......#......#


You could see Grinder, an orc warrior, a worker ant and an orc priest.

Vanquished Creatures
  A phantom (D:5)
  An ice beast (D:6)
  An ogre (D:6)
  Blork the orc (D:6)
  A water moccasin skeleton (D:4)
  4 wights
  A hound (D:6)
  A bullfrog skeleton (D:4)
  2 jellies
  2 orc priests
  A gnoll shaman (D:5)
  Ijyb (D:4)
  2 orc wizards
  4 worker ants
  A hound skeleton (D:4)
  A worker ant zombie (D:6)
  8 gnolls
  12 adders
  A shadow imp (D:6)
  2 white imps (D:5)
  2 ufetubi
  An ooze (D:1)
  An adder skeleton (D:6)
  3 worms
  3 dart slugs
  3 leopard geckos
  8 orcs
  2 ball pythons
  4 giant cockroaches
  A goblin (D:3)
  6 hobgoblins
  2 jackals (D:2)
  6 kobolds
  2 quokkas
  6 bats
  3 frilled lizards
  5 rats
106 creatures vanquished.

Notes
Turn   | Place    | Note
-------+----------+-------------------------------------------
     0 | D:1      | hawla the Draconian Conjurer began the quest for the Orb.
     0 | D:1      | Reached XP level 1. HP: 14/14 MP: 3/3
   145 | D:1      | Reached XP level 2. HP: 16/20 MP: 0/5
   290 | D:1      | Learned a level 2 spell: Searing Ray
   836 | D:2      | Reached XP level 3. HP: 27/27 MP: 2/6
  1025 | D:2      | Reached skill level 1 in Staves
  1025 | D:2      | Reached skill level 1 in Translocations
  1025 | D:2      | Reached skill level 1 in Evocations
  1199 | D:2      | Reached skill level 1 in Fighting
  1269 | D:2      | Reached skill level 1 in Shields
  1359 | D:2      | Reached XP level 4. HP: 35/35 MP: 1/7
  1364 | D:2      | Learned a level 4 spell: Iskenderun's Mystic Blast
  1975 | D:2      | Reached XP level 5. HP: 39/40 MP: 2/9
  2492 | D:3      | Found an ancient bone altar of Kikubaaqudgha.
  2495 | D:3      | Found a blossoming altar of Fedhas.
  2780 | D:3      | Found a faded altar of an unknown god.
  3342 | D:3      | Found a glowing silver altar of Zin.
  3343 | D:3      | Found a radiant altar of Vehumet.
  3345 | D:3      | Found a shimmering blue altar of Sif Muna.
  3349 | D:3      | Became a worshipper of Vehumet
  3425 | D:3      | Reached skill level 5 in Conjurations
  3425 | D:3      | Reached XP level 6. HP: 47/47 MP: 3/11
  3810 | D:4      | Noticed Ijyb
  3819 | D:4      | Killed Ijyb
  4604 | D:5      | Entered Level 5 of the Dungeon
  4613 | D:5      | Found a hazy altar of Hepliaklqana.
  4692 | D:5      | Reached skill level 6 in Conjurations
  4692 | D:5      | Your scales start taking on a fiery red colour.
  4692 | D:5      | Reached XP level 7. HP: 52/52 MP: 13/13
  4692 | D:5      | Gained mutation: Your flesh is heat resistant. (rF+) [Red
                  | Draconian growth]
  5379 | D:5      | Reached * piety under Vehumet
  5379 | D:5      | Offered knowledge of Freeze by Vehumet.
  5827 | D:5      | Reached skill level 5 in Spellcasting
  6058 | D:6      | Reached skill level 7 in Conjurations
  6164 | D:6      | Found Roraumipru's Antique Weapon Emporium.
  6190 | D:6      | Noticed Blork the orc
  6195 | D:6      | Killed Blork the orc
  6200 | D:6      | Reached skill level 1 in Fire Magic
  6200 | D:6      | Reached XP level 8. HP: 48/59 MP: 13/15
  6423 | D:6      | Noticed a kobold demonologist
  6457 | D:6      | Reached skill level 1 in Throwing
  6762 | D:6      | Noticed Grinder
  6770 | D:6      | Paralysed by Grinder for 4 turns
  6773 | D:6      | Mangled by an orc warrior

Illustrated notes

Levels and vault maps discovered:
D:1:      minmay_arrival_plants_in_alcoves, layout_loops_ring
D:2:      layout_loops_cross
D:3:      layout_basic, grunt_temple_overflow_growth_and_decay, minitemple,
          chequers_ecumenical_altar_twisty
D:4:      layout_basic, uniq_ijyb
D:5:      layout_basic, kennysheep_mini
D:6:      gammafunk_wand_slinger, layout_gridville, serial_shops,
          kennysheep_mini_moat, uniq_grinder, uniq_blork_the_orc

Skill      XL: |  1  2  3  4  5  6  7  8 |
---------------+-------------------------+-----
Dodging        | 2 |  2.0
Stealth        | 2 |  2.0
Staves         | 1 2 |  2.0
Translocations | 1 2 3 |  3.0
Evocations     | 1 |  1.9
Fighting       | 1 2 |  2.0
Shields        | 1 |  1.9
Spellcasting   | 3 4 5 |  5.2
Conjurations   | 5 6 7 |  7.0
Fire Magic     | 1 |  1.8
Throwing       | 1 |  1.0

Action                   |  1- 3 |  4- 6 |  7- 9 || total
-------------------------+-------+-------+-------++-------
Melee: Unarmed           |    18 |       |       ||    18
       Tailslap          |     1 |     1 |     2 ||     4
       Whip              |       |    27 |    24 ||    51
Throw: Boomerang         |       |       |     1 ||     1
 Cast: Magic Dart        |    20 |     6 |     5 ||    31
       Searing Ray       |    12 |    45 |    18 ||    75
       Iskenderun's Myst |       |     4 |    13 ||    17
 Abil: Breathe Fire      |       |       |     1 ||     1
  Use: Scroll            |     4 |     5 |     1 ||    10
       Potion            |       |     2 |       ||     2
Armor: Skin              |     7 |    19 |     7 ||    33
Dodge: Dodged            |    14 |    35 |    37 ||    86
